 Dungeon Crawl Stone Soup version 0.29.1-2-gbd0b4ee654 (webtiles) character file.

Game seed: 5355737579599015235

2298 Jellyfuzz the Geomancer (level 9, -2/45 HPs)
             Began as a Gargoyle Earth Elementalist on Nov 1, 2022.
             Was a Follower of Vehumet.
             Slain by a wight
             ... wielding a +5 spear
              (6 damage)
             ... on level 8 of the Dungeon.
             The game lasted 00:38:12 (5783 turns).

Jellyfuzz the Geomancer (GrEE)                      Turns: 5783, Time: 00:38:12

Health: -2/45      AC: 16    Str: 13    XL:     9   Next: 40%
Magic:  15/20      EV: 11    Int: 19    God:    Vehumet [*.....]
Gold:   361        SH:  0    Dex: 10    Spells: 12/23 levels left

rFire   . . .      SeeInvis .   I - +4 whip
rCold   + . .      Faith    .   (no shield)
rNeg    + . .      Spirit   .   b - +3 leather armour {rC+}
rPois   ∞          Reflect  .   (no helmet)
rElec   +          Harm     .   (no cloak)
rCorr   .          Rampage  .   (no gloves)
Will    .....                   (no boots)
Stlth   ++........              (no amulet)
HPRegen 0.15/turn               G - ring of wizardry
MPRegen 0.17/turn               s - +4 ring of protection

@: no status effects
A: sickness immunity, AC +6, negative energy resistance 1, electricity
resistance, torment resistance 1, petrification resistance
a: Renounce Religion


You were on level 8 of the Dungeon.
You worshipped Vehumet.
Vehumet was aware of your devotion.
You visited 2 branches of the dungeon, and saw 9 of its levels.

You collected 361 gold pieces.

Inventory:

Hand Weapons
 c - a +0 whip
 k - a +0 dagger of electrocution
 t - a +0 dagger of flaming
 w - a +0 dagger of draining
 F - a +1 dagger of venom
 H - a +1 vorpal trident
 I - a +4 whip (weapon)
Armour
 a - a +0 robe
 b - a +3 leather armour of cold resistance (worn)
Jewellery
 p - a +6 ring of dexterity
 s - a +4 ring of protection (right hand)
 v - an amulet of faith
 D - a ring of willpower
 E - an amulet of faith
 G - a ring of wizardry (left hand)
Wands
 A - a wand of light (22)
 L - a wand of paralysis (6)
Scrolls
 f - a scroll of enchant armour {unknown}
 g - 3 scrolls of poison {unknown}
 i - 2 scrolls of amnesia {unknown}
 j - 2 scrolls of teleportation {unknown}
 m - 3 scrolls of vulnerability {unknown}
 o - 2 scrolls of fear {unknown}
 u - 7 scrolls of identify {unknown}
 x - a scroll of butterflies {unknown}
 y - a scroll of noise {unknown}
 J - a scroll of magic mapping {unknown}
Potions
 d - a potion of curing
 e - a potion of berserk rage {unknown}
 h - a potion of resistance {unknown}
 l - 2 potions of heal wounds {unknown}
 n - a potion of degeneration {unknown}
 q - a potion of lignification {unknown}
 r - 2 potions of cancellation {unknown}
 z - a potion of brilliance {unknown}
 B - a potion of haste
 C - 2 potions of attraction {unknown}
 K - 3 potions of flight {unknown}


   Skills:
 - Level 1.7 Dodging
 - Level 2.1 Stealth
 + Level 7.8 Spellcasting
 + Level 3.6 Conjurations
 - Level 0.7 Transmutations
 + Level 10.6 Earth Magic


You had 12 spell levels left.
You knew the following spells:

 Your Spells              Type           Power      Damage    Failure   Level
a - Sandblast             Erth           94%        2d19      1%          1
b - Passwall              Tmut/Erth      24%        N/A       1%          2
c - Stone Arrow           Conj/Erth      68%        3d11      1%          3
d - Magic Dart            Conj           84%        1d7       1%          1
e - Petrify               Tmut/Erth      29%        N/A       4%          4

Your spell library contained the following spells:

 Spells                   Type           Power      Damage    Failure   Level
 Necrotise                Necr           28%        1d5       4%          1
 Dazzling Flash           Conj/Hex       28%        N/A       7%          3
 Portal Projectile        Hex/Tloc       14%        N/A       14%         3
 Tukima's Dance           Hex            7%         N/A       14%         3
 Vampiric Draining        Necr           7%         2d6       14%         3
 Iskenderun's Mystic Bla  Conj/Tloc      14%        2d5       22%         4
 Blade Hands              Tmut           5%         N/A       65%         5
 Agony                    Necr           7%         N/A       75%         5
 Starburst                Conj/Fire      7%         6d4       96%         6


Dungeon Overview and Level Annotations

Branches:
Dungeon (8/15)             Temple (1/1) D:7
   Lair: D:8-11

Altars:
Cheibriados
Dithmenos
Elyvilon
Gozag
Hepliaklqana
Kikubaaqudgha
Makhleb
Nemelex Xobeh
Qazlal
Ru
Sif Muna
Uskayaw
Vehumet
Wu Jian
Xom
Yredelemnul
Zin
The Shining One

Shops:
D:4 (


Innate Abilities, Weirdness & Mutations

You are immune to sickness and miasma.
Your stone body is resilient. (AC +6)
You are immune to poison.
You resist negative energy. (rN+)
You are resistant to electric shocks. (rElec)
You are resistant to unholy torment.
You are immune to petrification.


Message History

Aim: a wight, wielding a +0 great sword and wearing a +0 robe (85% to hit)
The blast of sand hits the wight!
The wight is heavily damaged.
The wight hits you with a +0 great sword!
The wight hits you from afar with a +5 spear.
Aiming: Sandblast (safe; 1% risk of failure)
Press: ? - help, Q - select action, (/) - cycle Shift-Dir - straight line, f/p - wight
Aim: a wight, wielding a +0 great sword and wearing a +0 robe (heavily damaged, 85% to hit)
The blast of sand hits the wight but does no damage.
The wight is heavily damaged.
The wight closely misses you. The wight hits you but does no damage.
The wight hits you with a +0 great sword.
The wight hits you from afar with a +5 spear.
Aiming: Sandblast (safe; 1% risk of failure)
Press: ? - help, Q - select action, (/) - cycle Shift-Dir - straight line, f/p - wight
Aim: a wight, wielding a +0 great sword and wearing a +0 robe (heavily damaged, 85% to hit)
The blast of sand hits the wight but does no damage.
The wight is heavily damaged.
The wight barely misses you. The wight hits you but does no damage.
Aiming: Sandblast (safe; 1% risk of failure)
Press: ? - help, Q - select action, (/) - cycle Shift-Dir - straight line, f/p - wight
Aim: a wight, wielding a +0 great sword and wearing a +0 robe (heavily damaged, 85% to hit)
The blast of sand misses the wight.
The blast of sand hits the wight.
The wight is moderately damaged.
The wight barely misses you. The wight hits you but does no damage.
The wight hits you with a +0 great sword.
The wight hits you from afar with a +5 spear!
* * * LOW HITPOINT WARNING * * *
You feel better. The wight barely misses you.
The wight hits you from afar with a +5 spear.
* * * LOW HITPOINT WARNING * * *
You feel better.
The wight hits you with a +0 great sword!
* * * LOW HITPOINT WARNING * * *
The wight barely misses you. The wight attacks as you move away!
The wight misses you.
There is a stone staircase leading up here.
The wight hits you but does no damage.
The wight hits you from afar with a +5 spear.
You die...

#$ #.## #...?
#...$ #....#
#.....
.###...#######
.......)..zz@#
...#.#########


You could see 2 wights.

Vanquished Creatures
  Menkaure (D:7)
  2 black bears
  An orc warrior (D:7)
  A sky beast (D:7)
  An ice beast (D:5)
  An ogre (D:6)
  A centaur (D:6)
  2 phantoms
  3 kobold brigands (D:7)
  2 bullfrogs (D:7)
  A scorpion (D:6)
  A necrophage (D:4)
  A wight (D:8)
  4 jellies
  An orc priest (D:7)
  A gnoll bouda (D:7)
  2 hounds
  4 iguanas
  10 orc wizards
  Robin (D:2)
  8 adders
  10 gnolls
  A shadow imp (D:7)
  A white imp (D:7)
  An ufetubus (D:5)
  3 dart slugs
  11 orcs
  4 ball pythons
  5 endoplasms
  9 goblins
  12 hobgoblins
  4 quokkas
  5 bats
  4 frilled lizards
  23 kobolds
  5 rats
147 creatures vanquished.

Vanquished Creatures (others)
  4 plants (D:4)
4 creatures vanquished.

Grand Total: 151 creatures vanquished

Notes
Turn   | Place    | Note
-------+----------+-------------------------------------------
     0 | D:1      | Jellyfuzz the Gargoyle Earth Elementalist began the quest
                  | for the Orb.
     0 | D:1      | Reached XP level 1. HP: 10/10 MP: 3/3
   260 | D:1      | Reached XP level 2. HP: 15/15 MP: 1/5
   264 | D:1      | Found a faded altar of an unknown god.
   275 | D:1      | Reached skill level 4 in Earth Magic
   780 | D:1      | Reached XP level 3. HP: 7/19 MP: 0/6
  1442 | D:2      | Learned a level 2 spell: Passwall
  1447 | D:2      | Learned a level 3 spell: Stone Arrow
  1449 | D:2      | Noticed Robin
  1454 | D:2      | Killed Robin
  1455 | D:2      | Reached XP level 4. HP: 19/24 MP: 2/8
  1503 | D:2      | Reached skill level 5 in Earth Magic
  1844 | D:2      | Found a shimmering blue altar of Sif Muna.
  1875 | D:2      | Reached XP level 5. HP: 26/28 MP: 7/10
  2913 | D:4      | Found Opore's Antique Weapon Shoppe.
  3185 | D:4      | Noticed a black bear
  3197 | D:4      | Killed a black bear
  3198 | D:4      | Reached skill level 6 in Earth Magic
  3198 | D:4      | Reached XP level 6. HP: 32/32 MP: 7/12
  3318 | D:4      | Found a burning altar of Makhleb.
  3594 | D:5      | Entered Level 5 of the Dungeon
  3594 | D:5      | Noticed an ice beast
  3602 | D:5      | Killed an ice beast
  3703 | D:5      | Reached skill level 7 in Earth Magic
  3703 | D:5      | Reached XP level 7. HP: 36/36 MP: 11/14
  3709 | D:5      | Reached skill level 5 in Spellcasting
  3823 | D:5      | Found a stormy altar of Qazlal.
  4503 | D:6      | Reached skill level 8 in Earth Magic
  4511 | D:6      | Found an opulent altar of Gozag.
  4511 | D:6      | Found a sparkling altar of Nemelex Xobeh.
  4511 | D:6      | Found a sacrificial altar of Ru.
  4578 | D:6      | Reached XP level 8. HP: 34/41 MP: 12/17
  4884 | D:6      | Found a radiant altar of Vehumet.
  4891 | D:6      | Became a worshipper of Vehumet
  4897 | D:6      | Found an ancient bone altar of Kikubaaqudgha.
  4902 | D:6      | Reached skill level 9 in Earth Magic
  4920 | D:6      | Found a shimmering blue altar of Sif Muna.
  5069 | D:7      | Reached skill level 1 in Conjurations
  5076 | D:7      | Reached skill level 10 in Earth Magic
  5076 | D:7      | Reached XP level 9. HP: 44/45 MP: 8/19
  5183 | D:7      | Reached * piety under Vehumet
  5183 | D:7      | Offered knowledge of Magic Dart by Vehumet.
  5188 | D:7      | Learned a level 1 spell: Magic Dart
  5193 | D:7      | Learned a level 4 spell: Petrify
  5251 | D:7      | Found a staircase to the Ecumenical Temple.
  5445 | Temple   | Entered the Ecumenical Temple
  5538 | D:7      | Found a hide-covered altar of Uskayaw.
  5590 | D:7      | Noticed Menkaure
  5595 | D:7      | Killed Menkaure
  5783 | D:8      | Slain by a wight

Illustrated notes

Levels and vault maps discovered:
D:1:      dpeg_arrival_circle_labyrinth_a, layout_basic,
          hellmonk_ecumenical_altar_lost_god, minivault_5,
          minmay_strange_pillars
D:2:      layout_loops_cross, basic_altar, uniq_robin
D:3:      layout_rooms
D:4:      layout_loops_ring, mainiacjoe_overflow_boulevard, serial_shops,
          shop_statue
D:5:      layout_rooms, nicolae_qazlal_eye_of_the_storm
D:6:      layout_rooms, palyth_temple_overflow_mages,
          gammafunk_temple_overflow_claw, minmay_large_rounded_square
D:7:      layout_basic, eat_drink_and_be_merry_uskayaw,
          minmay_temple_entry_statues, kennysheep_generic_room_15, uniq_menkaure
D:8:      layout_basic, fedhas_bush_and_centaur_altar,
          hellmonk_bongcloud_opening
Temple:   nicolae_temple_ecumenical_triangle

Skill      XL: |  1  2  3  4  5  6  7  8  9 |
---------------+----------------------------+-----
Earth Magic    | 4 5 6 7 8 10 | 10.6
Spellcasting   | 3 4 6 7 |  7.8
Conjurations   | 1 3 |  3.6
Dodging        | |  1.7
Stealth        | |  2.1
Transmutations | |  0.7

Action                   |  1- 3 |  4- 6 |  7- 9 || total
-------------------------+-------+-------+-------++-------
Melee: Whip              |    20 |       |       ||    20
 Cast: Sandblast         |    44 |    63 |   135 ||   242
  Use: Potion            |       |     2 |     2 ||     4
 Stab: Sleeping          |     1 |       |       ||     1
Armor: Robe              |    15 |     7 |       ||    22
       Leather armour    |       |     3 |    42 ||    45
Dodge: Dodged            |    21 |    13 |    39 ||    73
